 Dungeon Sprint DCSS version 0.18.1-48-g4cf74bf (webtiles) character file.

302 rageheart7 the Grappler (level 6, -7/108 HPs)
             Began as a Troll Berserker on July 4, 2016.
             Was a Believer of Trog.
             Asphyxiated
             ... in the Dungeon (Sprint I: "Red Sonja").
             The game lasted 00:01:06 (175 turns).

rageheart7 the Grappler (Troll Berserker)            Turns: 175, Time: 00:01:06

Health: -7/108     AC:  5    Str: 33    XL:     6   Next: 14%
Magic:  5/5        EV: 10    Int:  3    God:    Trog [**....]
Gold:   173        SH:  0    Dex:  9    Spells: 0 memorised, 5 levels left

rFire  . . .     SeeInvis .       - Unarmed
rCold  . . .     Gourm    +     a - +0 animal skin
rNeg   . . .     Faith    .     (no shield)
rPois  .         Spirit   .     (helmet restricted)
rElec  .         Dismiss  .     (no cloak)
rCorr  .         Reflect  .     (gloves unavailable)
SustAt .         Harm     .     (boots unavailable)
MR     .....     NoTele   +     (no amulet)
Stlth  ..........               (no ring)
                                (no ring)

@: berserking (expiring), lethally poisoned (-7 -> -43), slowed, not resistant
to hostile enchantments, extremely unstealthy
A: unfitting armour, claws 3, fast metabolism 3, gourmand, regeneration 2,
shaggy fur 1, tough skin 2
a: Berserk, Trog's Hand, Burn Spellbooks, Renounce Religion


You were in the Dungeon.
You worshipped Trog.
Trog was pleased with you.
You were not hungry.

You visited 1 branch You collected 173 gold pieces.

Inventory:

Armour
 a - a +0 animal skin (worn)
Scrolls
 h - a scroll of blinking
 i - a scroll of remove curse {unknown}
Potions
 c - a potion of curing
 d - a potion of heal wounds
 e - a potion of haste
 f - 2 potions of magic
 g - a potion of berserk rage
 j - a potion of lignification {unknown}
Comestibles
 b - 2 bread rations


   Skills:
 + Level 8.1 Fighting
 - Level 2.4 Dodging
 + Level 9.6 Unarmed Combat


You had 5 spell levels left.
You didn't know any spells.

Dungeon Overview and Level Annotations

Branches:
Dungeon (1/1)

Altars:
Sif Muna
Vehumet

Annotations:
D Sonja


Innate Abilities, Weirdness & Mutations

You are too large for most types of armour.
You have claws for hands.
Your metabolism is lightning-fast.
You like to eat raw meat.
You heal very quickly.
You are covered in fur (AC +1).
You have very tough skin (AC +2).


Message History

You feel a strange sense of stasis.
Sonja hits you with an uncursed dagger of distortion.
* * * LOW HITPOINT WARNING * * *
Space warps horribly around you!
* * * LOW HITPOINT WARNING * * *
You mangle Sonja!!
Sonja is severely wounded.
* * * LOW HITPOINT WARNING * * *
You feel very sick.
Sonja gestures wildly while chanting.
Sonja blinks!
* * * LOW HITPOINT WARNING * * *
You feel very sick.
Sonja unwields an uncursed dagger of distortion.
Its appearance distorts for a moment.
Sonja wields an uncursed enchanted blowgun.
Sonja shoots a curare-tipped needle.
The curare-tipped needle hits you.
You are more poisoned.
You have difficulty breathing.
You die...

################
#<.#..)..#..'..#
#..'..#..)..#..+
#..#####'#####'#
## #..# #..#
#.####(?# #..#
#### ##.#≈§≈.c#
#..# #+#@.+≈§≈§
#⌠⌠# +..._#§§≈§
#### #_(#'##+##
##'#.# #.### K.$
#$.$# ##.## #+#


You could see Sonja.

Vanquished Creatures
  Sigmund (D)
  An ogre (D)
  A jelly (D)
  Ijyb (D)
4 creatures vanquished.

Notes
Turn   | Place    | Note
--------------------------------------------------------------
     0 | D        | rageheart7 the Troll Berserker began the quest for the Orb.
     0 | D        | Reached XP level 1. HP: 22/22 MP: 0/0
     2 | D        | Noticed Ijyb
    11 | D        | Killed Ijyb
    11 | D        | Reached skill level 5 in Unarmed Combat
    11 | D        | Reached XP level 2. HP: 32/32 MP: 1/1
    15 | D        | Noticed an ogre
    20 | D        | Killed an ogre
    20 | D        | Reached ** piety under Trog
    20 | D        | Reached skill level 5 in Fighting
    20 | D        | Reached skill level 7 in Unarmed Combat
    20 | D        | Reached XP level 3. HP: 43/44 MP: 2/2
    20 | D        | Reached XP level 4. HP: 51/52 MP: 3/3
    40 | D        | Noticed Sigmund
    53 | D        | Killed Sigmund
    53 | D        | Reached skill level 9 in Unarmed Combat
    53 | D        | Reached XP level 5. HP: 23/63 MP: 4/4
    53 | D        | Reached XP level 6. HP: 26/72 MP: 5/5
   139 | D        | Found a deep blue altar of Sif Muna.
   141 | D        | Found a radiant altar of Vehumet.
   155 | D        | Noticed a centaur warrior
   167 | D        | Noticed Sonja
   175 | D        | HP: 4/108 [poisoned by Sonja (curare-tipped needle)]
   175 | D        | Asphyxiated

Skill      XL: |  1  2  3  4  5  6 |
---------------+-------------------+-----
Fighting       | 4 5 7 8 |  8.1
Unarmed Combat | 5 7 9 |  9.6
Dodging        | |  2.4

Action                   |  1- 3 |  4- 6 || total
-------------------------+-------+-------++-------
Melee: Unarmed           |    10 |     8 ||    18
Invok: Berserk           |     1 |     1 ||     2
Armor: Animal skin       |     4 |     2 ||     6
Dodge: Dodged            |     4 |     4 ||     8
